 Dungeon Crawl Stone Soup version 0.29.1-2-gbd0b4ee654 (webtiles) character file.

Game seed: 4362152564872994686

42 whiskeysaurus the Ruffian (level 3, 0/24 (29) HPs)
             Began as a Draconian Transmuter on Nov 21, 2022.
             Slain by Jessica
             ... wielding a +1 dagger of draining
              (1 damage)
             ... on level 1 of the Dungeon.
             The game lasted 00:01:56 (1486 turns).

whiskeysaurus the Ruffian (Draconian Transmuter)    Turns: 1486, Time: 00:01:57

HP:   0/24 (29)     AC:  5    Str: 12    XL:     3   Next: 33%
MP:   5/6           EV: 12    Int: 15    God:
Gold: 17            SH:  0    Dex: 11    Spells: 5/6 levels left

rFire   . . .      SeeInvis .     - Unarmed
rCold   . . .      Faith    .   (no shield)
rNeg    . . .      Spirit   .   (body armour unavailable)
rPois   .          Reflect  .   (helmet currently unavailable)
rElec   .          Harm     .   (no cloak)
rCorr   .          Rampage  .   (no gloves)
Will    .....                   (boots currently unavailable)
Stlth   +.........              (no amulet)
HPRegen 0.08/turn               (no ring)
MPRegen 0.10/turn               (no ring)

@: appendages, heavily drained
A: horns 2, talons 2, AC +5, unfitting armour, cold-blooded
a: End Transformation


You were on level 1 of the Dungeon.
You had temporarily grown beastly horns and talons.
You visited 1 branch of the dungeon, and saw 2 of its levels.

You collected 17 gold pieces.

Inventory:

Scrolls
 d - a scroll of torment {unknown}
 e - 4 scrolls of identify {unknown}
Potions
 a - 2 potions of lignification
 b - 2 potions of brilliance {unknown}
 c - a potion of mutation {unknown}


   Skills:
 + Level 1.8 Fighting
 + Level 2.2 Dodging
 + Level 3.3 Unarmed Combat
 + Level 2.3 Spellcasting
 + Level 2.4 Transmutations


You had 5 spell levels left.
You knew the following spells:

 Your Spells              Type           Power      Damage    Failure   Level
a - Beastly Appendage     Tmut           18%        N/A       8%          1

Your spell library contained the following spells:

 Spells                   Type           Power      Damage    Failure   Level
 Wereblood                Tmut           9%         N/A       12%         2
 Spider Form              Tmut/Pois      5%         N/A       36%         3
 Ice Form                 Ice/Tmut       5%         N/A       78%         4


Dungeon Overview and Level Annotations

Branches:
Dungeon (2/15)

Altars:

Annotations:
D:1 Jessica
D:2 1 runed translucent door, Crazy Yiuf, Terence


Innate Abilities, Weirdness & Mutations

You have temporarily grown beastly horns and talons.
Your plain brown scales are hard. (AC +5)
You cannot fit into any form of body armour.
You are cold-blooded and may be slowed by cold attacks.


Message History

You closely miss the adder.
Your tail-slap misses the adder.
The adder is heavily wounded.
The adder bites you but does no damage.
You closely miss the adder.
The adder is heavily wounded.
The adder bites you but does no damage.
You closely miss the adder.
The adder is heavily wounded.
Your horns disappear.
Your talons disappear.
The adder bites you.
Jessica hits you with a +1 dagger of draining.
You feel drained.
You barely miss the adder.
The adder is heavily wounded.
The adder bites you but does no damage. Jessica barely misses you.
You grow a pair of large bovine horns.
Your feet morph into talons.
Jessica hits you but does no damage.
You feel drained. The adder closely misses you.
Jessica hits you but does no damage.
You feel drained. The adder barely misses you.
You hit the adder.
Your tail-slap misses the adder.
The adder is almost dead.
Jessica barely misses you. The adder barely misses you.
You barely miss the adder.
The adder is almost dead.
Jessica hits you with a +1 dagger of draining.
You feel drained. The adder closely misses you. Jessica completely misses you.
You miss the adder. You claw the adder.
You kill the adder!
Jessica points at you and mumbles some strange words.
Pain shoots through your body!
* * * LOW HITPOINT WARNING * * *
You barely miss Jessica. You claw Jessica.
You tail-slap Jessica, but do no damage.
Jessica is moderately wounded.
Jessica casts a spell at you. You resist with some effort.
Jessica hits you with a +1 dagger of draining.
* * * LOW HITPOINT WARNING * * *
You feel drained.
You die...

########### #.........#
#.........# #.........#
#.........# ######
######...@@....# ##....#
##..............# #..##..
##...............# #.##..#
#................##
##.#..##
#.................###..#.##
#..................##.##(#
#..........##.####....)..#
#..........##..# #....####
##........####.######.##


You could see Jessica (fast).

Vanquished Creatures
  An adder (D:1)
  3 bats (D:2)
  4 endoplasms (D:1)
  3 giant cockroaches
  3 hobgoblins
  A quokka (D:1)
  3 ball pythons
  3 frilled lizards
  7 kobolds
  5 rats
33 creatures vanquished.

Notes
Turn   | Place    | Note
-------+----------+-------------------------------------------
     0 | D:1      | whiskeysaurus the Draconian Transmuter began the quest for
                  | the Orb.
     0 | D:1      | Reached XP level 1. HP: 16/16 MP: 3/3
   414 | D:1      | Reached XP level 2. HP: 14/23 MP: 3/5
   771 | D:1      | Found a faded altar of an unknown god.
  1182 | D:2      | Noticed Jessica
  1304 | D:2      | Found a runed translucent door.
  1305 | D:2      | Noticed Crazy Yiuf
  1379 | D:2      | Reached XP level 3. HP: 28/29 MP: 4/6
  1459 | D:2      | Noticed Terence
  1486 | D:1      | HP: 1/25 [Jessica/+1 dagger of draining (3)]
  1486 | D:1      | Slain by Jessica

Illustrated notes

Levels and vault maps discovered:
D:1:      tarquinn_simple_flora_water_f, layout_rooms,
          ebering_ecumenical_altar_hall, minmay_misc_feat_tower
D:2:      layout_loops_ring, uniq_crazy_yiuf_cottage, uniq_jessica, uniq_terence

Skill      XL: |  1  2 |
---------------+-------+-----
Dodging        | 2 |  2.2
Fighting       | |  1.8
Unarmed Combat | |  3.3
Spellcasting   | |  2.3
Transmutations | |  2.4

Action                   || total
-------------------------++-------
Melee: Unarmed           ||    90
       Tailslap          ||     8
       Kick              ||    15
       Headbutt          ||     6
       Punch             ||     1
 Cast: Beastly Appendage ||    24
Armor: Skin              ||    39
Dodge: Dodged            ||    62
